 Dungeon Crawl Stone Soup version 0.30-a0-782-ge64f9170bb (webtiles) character file.

Game seed: 4293842643598972863

14 IndexError the Shooter (level 2, -2/17 HPs)
             Began as a Gargoyle Hunter on Feb 27, 2023.
             Killed by divine providence
             ... invoked by an orc priest
              (10 damage)
             ... on level 3 of the Dungeon.
             The game lasted 00:00:38 (810 turns).

IndexError the Shooter (Gargoyle Hunter)             Turns: 810, Time: 00:00:39

Health: -2/17      AC:  5    Str: 14    XL:     2   Next: 41%
Magic:  2/2        EV: 11    Int:  9    God:
Gold:   43         SH:  0    Dex: 13    Spells: 1/1 levels left

rFire   . . .      SeeInvis .    a - +0 shortbow
rCold   . . .      Faith    .    (shield currently unavailable)
rNeg    + . .      Spirit   .    c - +0 leather armour
rPois   ∞          Reflect  .    (no helmet)
rElec   +          Harm     .    (no cloak)
rCorr   .          Rampage  .    (no gloves)
Will    .....                    (no boots)
Stlth   +                        (no amulet)
HPRegen 0.22/turn                (no ring)
MPRegen 0.08/turn                (no ring)

@: no status effects
A: sickness immunity, AC +2, negative energy resistance 1, electricity
resistance, torment resistance 1, petrification resistance
a: no special abilities


You were on level 3 of the Dungeon.
You visited 1 branch of the dungeon, and saw 3 of its levels.

You collected 43 gold pieces.

Inventory:

Hand Weapons
 a - a +0 shortbow (weapon)
Armour
 c - a +0 leather armour (worn)
Scrolls
 b - a scroll of immolation {!r}
 d - 2 scrolls of identify {unknown}
 g - 4 scrolls of teleportation {unknown}
Potions
 e - 2 potions of resistance {unknown}
 f - a potion of brilliance {unknown}


   Skills:
 - Level 2.1 Fighting
 + Level 4.6 Ranged Weapons
 - Level 1.5 Dodging
 - Level 1.1 Stealth


You had one spell level left.
You didn't know any spells.
Your spell library was empty.

Dungeon Overview and Level Annotations

Branches:
Dungeon (2/15)

Altars:


Innate Abilities, Weirdness & Mutations

You are immune to sickness and miasma.
Your stone body is resilient. (AC +2)
You are immune to poison.
You resist negative energy. (rN+)
You are resistant to electric shocks. (rElec)
You are resistant to unholy torment.
You are immune to petrification.


Message History

g - 4 scrolls labelled GOUCVO YTHU (gained 1)
You open the door.
There is an open door here.
You enter the shallow water.
Moving in this stuff is going to be slow.
You enter the shallow water.
Moving in this stuff is going to be slow.
You enter the shallow water.
Moving in this stuff is going to be slow.
d - 2 scrolls labelled BELYER EF VOZE (gained 1)
e - 2 clear potions (gained 1) Done exploring.
No target in view!
No target in view!
No target in view!
Done exploring.
Done exploring.
Done exploring.
There is a stone staircase leading down here.
You climb downwards.
The goblin shouts!
You hear a shout!
There is a stone staircase leading up here.
You shoot an arrow. The arrow hits the goblin.
You shoot an arrow. The arrow closely misses the goblin.
You shoot an arrow. The arrow hits the goblin.
No target in view!
No target in view!
You climb upwards.
There is a stone staircase leading down here.
There is a stone staircase leading down here.
You climb downwards.
There is a stone staircase leading up here.
You climb upwards.
There is a stone staircase leading down here.
You climb downwards.
There is a stone staircase leading up here.
You climb upwards.
There is a stone staircase leading down here.
You enter the shallow water.
Moving in this stuff is going to be slow.
There is a stone staircase leading down here.
You climb downwards.
There is a stone staircase leading up here.
You now have 43 gold pieces (gained 6).
A sourceless malevolence fills the Dungeon...
You fall into a shaft and drop 1 floor!
The shaft crumbles and collapses.
An orc and an orc wizard come into view.
The orc shouts!
You hear a shout!
A ball python comes into view.
An orc comes into view. It is wielding a +0 hand axe.
The orc wizard moves out of view.
Spoiler Alert: The ball python (wandering) can constrict!
You shoot an arrow.
The arrow barely misses the ball python.
The ball python hisses angrily.
The orc shouts!
The ball python barely misses you. x2
Warning x2: The orc wizard (wandering) might cast Slow, Confuse, Throw Flame, Throw Frost, or go Invisible!
The ball python can constrict!
You shoot an arrow.
The arrow closely misses the ball python.
The orc wizard shouts!
The ball python bites you but does no damage.
The ball python grabs you. The ball python constricts you.
The orc wizard casts a spell.
The orc wizard flickers and vanishes!
Deactivating autopickup; reactivate with Ctrl-A.
The ball python closely misses you. The ball python constricts you.
Spoiler Alert: The ball python can constrict!
You shoot an arrow. The arrow hits the ball python.
The ball python bites you. The ball python constricts you.
An orc priest comes into view.
It is wielding a +2 short sword of speed.
An orc comes into view. It is wielding a +0 club.
Warning x2: The orc priest can smite you!
The ball python can constrict!
You take 2 damage, and have 15/17 hp.
You shoot an arrow.
The arrow barely misses the ball python.
The ball python bites you. The ball python constricts you.
The orc hits you with a +0 hand axe. The ball python closely misses you.
The ball python constricts you.
Warning x2: The orc priest can smite you!
The ball python can constrict!
You take 5 damage, and have 10/17 hp.
MASSIVE DAMAGE!!
You are too injured to fight recklessly!
You are too injured to fight recklessly!
You are too injured to fight recklessly!
You are too injured to fight recklessly!
Fire: a) +0 shortbow
Press: ? - help, Q - select action Shift-Dir - straight line, f/p - ball python
Aim: a ball python (moderately wounded, constricting you, 57% to hit)
You shoot an arrow. The arrow hits the ball python.
The orc closely misses you.
Spoiler Alert: The orc priest can smite you!
Fire: a) +0 shortbow
Press: ? - help, Q - select action Shift-Dir - straight line, f - orc
Aim: an orc, wielding a +0 hand axe (60% to hit)
You shoot an arrow. The arrow closely misses the orc.
The orc hits you with a +0 hand axe.
The orc priest hits you but does no damage.
The orc priest invokes the aid of Beogh against you.
Beogh smites you!
Ouch! That really hurt!
You die...

#####.
.....
.... ...
..###
.#####..!
....o.oo#
#@# #.#
#.# #.#
#.. ####


You could see an orc priest and 2 orcs.

Vanquished Creatures
  2 endoplasms (D:1)
  A giant cockroach (D:1)
  2 goblins
  3 hobgoblins (D:1)
  A ball python (D:3)
  2 bats (D:1)
  A frilled lizard (D:1)
12 creatures vanquished.

Notes
Turn   | Place    | Note
-------+----------+-------------------------------------------
     0 | D:1      | IndexError the Gargoyle Hunter began the quest for the Orb.
     0 | D:1      | Reached XP level 1. HP: 12/12 MP: 1/1
   280 | D:1      | Reached XP level 2. HP: 17/17 MP: 2/2
   802 | D:2      | You fall into a shaft and drop 1 floor!
   810 | D:3      | Killed from afar by an orc priest

Illustrated notes

Levels and vault maps discovered:
D:1:      wander_arrival_lonely_grave, layout_basic, minmay_misc_feat_enclosed,
          serial_bayou_ford_a
D:2:      layout_basic
D:3:      layout_loops_cross, mainiacjoe_overflow_catwalk,
          general_overflow_altar, uniq_sigmund, uniq_pargi

Action                     || total
---------------------------++-------
   Fire: Shortbow          ||    33
 Armour: Leather armour    ||     3
  Dodge: Dodged            ||     7

Table legend: (Time is in decaauts)
 A = Elapsed time spent in this place.
 B = Non-inter-level travel time spent in this place.
 C = Inter-level travel time spent in this place.
 D = Time resting spent in this place.
 E = Time spent auto-exploring this place.
 F = Levels seen in this place.
 G = Mean time per level.
                   A        B        C        D        E       F      G
               +--------+--------+--------+--------+--------+-----+--------+
         Total |    826 |    757 |     69 |      0 |    681 |   3 |  275.3 |
       Dungeon |    826 |    757 |     69 |      0 |    681 |   3 |  275.3 |
               +--------+--------+--------+--------+--------+-----+--------+

Top non-repeatable levels by time:
     D:1: 780 daAuts
     D:2: 36 daAuts
     D:3: 9 daAuts

Table legend:
 A = Kills in this place as a percentage of kills in entire the game.
 B = Kills by you in this place as a percentage of kills by you in the entire game.
 C = Kills by friends in this place as a percentage of kills by friends in the entire game.
 D = Other kills in this place as a percentage of other kills in the entire game.
 E = Experience gained in this place as a percentage of experience gained in the entire game.
 F = Experience gained in this place divided by the number of levels of this place that you have seen.
                   A       B       C       D       E      F
               +-------+-------+-------+-------+-------+----------------------
         Total | 100.0 | 100.0 |   N/A |   N/A | 100.0 |   6.7
       Dungeon | 100.0 | 100.0 |   N/A |   N/A | 100.0 |   6.7
               +-------+-------+-------+-------+-------+----------------------
